 Dungeon Crawl Stone Soup version 0.22.1-2-g9c5b331383 (webtiles) character file.

74 Cykl0x the Firebug (level 4, 0/24 HPs)
             Began as a Gargoyle Fire Elementalist on Dec 3, 2018.
             Slain by a ball python (1 damage)
             ... on level 3 of the Dungeon.
             The game lasted 00:09:16 (1995 turns).

Cykl0x the Firebug (Gargoyle Fire Elementalist)     Turns: 1995, Time: 00:09:17

Health: 0/24       AC:  6    Str: 12    XL:     4   Next: 30%
Magic:  2/8        EV:  9    Int: 15    God:
Gold:   72         SH:  0    Dex: 11    Spells: 3/9 levels left

rFire    . . .     SeeInvis .   g - +0 club
rCold    . . .     Gourm    .   (no shield)
rNeg     + . .     Faith    .   a - +1 robe
rPois    ∞         Spirit   .   (no helmet)
rElec    +         Reflect  .   (no cloak)
rCorr    .         Harm     .   (no gloves)
MR       .....                  (no boots)
Stlth    ++........             (no amulet)
HPRegen  0.08/turn              (no ring)
MPRegen  0.11/turn              (no ring)

@: very slightly contaminated, constricted
A: negative energy resistance 1, electricity resistance, unbreathing,
petrification resistance, rot immunity, AC +3
a: no special abilities


You were on level 3 of the Dungeon.
You were hungry.

You visited 1 branch of the dungeon, and saw 3 of its levels.

You collected 72 gold pieces.

Inventory:

Hand Weapons
 g - a +0 club (weapon)
 k - a +0 whip of draining
Missiles
 f - 18 stones (quivered)
 j - 2 throwing nets
Armour
 a - a +1 robe (worn)
Jewellery
 d - an uncursed ring of ice
Scrolls
 i - a scroll of enchant armour
Potions
 b - a potion of ambrosia
 e - a potion of might {unknown}
 h - 2 potions of haste {unknown}
 m - a potion of heal wounds {unknown}
 n - a potion of brilliance {unknown}
Comestibles
 c - 2 rations
 l - 3 chunks of flesh


   Skills:
 + Level 0.2 Fighting
 + Level 1.0 Maces & Flails
 + Level 1.8 Dodging
 + Level 2.5 Stealth
 + Level 3.0 Spellcasting
 + Level 1.3 Conjurations
 + Level 3.6 Fire Magic


You had 3 spell levels left.
You knew the following spells:

 Your Spells              Type           Power        Failure   Level  Hunger
a - Flame Tongue          Conj/Fire      #....        8%          1    #......
b - Throw Flame           Conj/Fire      #.....       11%         2    ##.....
c - Conjure Flame         Conj/Fire      #.......     22%         3    ###....

Your spell library contained the following spells:

 Spells                   Type           Power        Failure   Level  Hunger
 Inner Flame              Hex/Fire       #.......     28%         3    ###....
 Sticky Flame             Conj/Fire      #.......     58%         4    #####..
 Fireball                 Conj/Fire      #.........   90%         5    ######.


Dungeon Overview and Level Annotations

Branches:
Dungeon (3/15)

Altars:
Wu Jian


Innate Abilities, Weirdness & Mutations

You are resistant to torment.
Your stone body is resilient. (AC +3)
You are immune to poison.
You resist negative energy. (rN+)
You are resistant to electric shocks. (rElec)
You can survive without breathing.
You are immune to petrification.
You are immune to rotting.


Message History

The ball python constricts you.
Okay, then.
Casting: Throw Flame (safe; 11% risk of failure)
Confirm with . or Enter, or press ? or * to list all spells.
Aiming: Flame Tongue (safe; 8% risk of failure)
Press: ? - help, Shift-Dir - straight line, f/p - orc priest
Aim: an orc priest The flame tongue hits the orc.
You kill the orc!
The adder bites you.
* * * LOW HITPOINT WARNING * * *
The ball python barely misses you. The ball python constricts you.
You barely miss the orc priest. The adder bites you.
* * * LOW HITPOINT WARNING * * *
The ball python closely misses you. The ball python constricts you.
The orc priest hits you but does no damage.
The adder bites you.
* * * LOW HITPOINT WARNING * * *
You closely miss the orc priest. The ball python bites you.
You die...

#.######
#..o.SS#
#....#@#
#....##o#o# #.##
#.#o# #
#.#o########
#.#.#.......
#.##..r.....#.#
........<.......
##............).
########.###.#.


You could see an orc priest, an orc wizard, an adder, 2 orcs, a ball python and
a rat.

Vanquished Creatures
  3 adders (D:2)
  A worm (D:2)
  A dart slug (D:1)
  A leopard gecko (D:2)
  2 orcs (D:3)
  4 bats
  3 giant cockroaches
  4 goblins
  4 hobgoblins
  A quokka (D:3)
  3 frilled lizards
  7 kobolds
  7 rats
41 creatures vanquished.

Notes
Turn   | Place    | Note
-------+----------+-------------------------------------------
     0 | D:1      | Cykl0x the Gargoyle Fire Elementalist began the quest for
                  | the Orb.
     0 | D:1      | Reached XP level 1. HP: 10/10 MP: 3/3
   247 | D:1      | Reached XP level 2. HP: 15/15 MP: 1/5
   251 | D:1      | Learned a level 2 spell: Throw Flame
   856 | D:1      | Reached XP level 3. HP: 19/19 MP: 1/6
  1575 | D:2      | Reached skill level 1 in Maces & Flails
  1575 | D:2      | Reached XP level 4. HP: 18/24 MP: 5/8
  1666 | D:2      | Learned a level 3 spell: Conjure Flame
  1774 | D:2      | Found an ornate altar of the Wu Jian Council.
  1994 | D:3      | HP: 1/24 [adder (1)]
  1995 | D:3      | Slain by a ball python

Skill      XL: |  1  2  3  4 |
---------------+-------------+-----
Maces & Flails | 1 |  1.0
Spellcasting   | 3 |  3.0
Fighting       | |  0.2
Dodging        | |  1.8
Stealth        | |  2.5
Conjurations   | |  1.3
Fire Magic     | |  3.6

Action                   |  1- 3 |  4- 6 || total
-------------------------+-------+-------++-------
Melee: Short sword       |    10 |       ||    10
       Unarmed           |     8 |       ||     8
       Club              |    67 |    20 ||    87
Throw: Stone             |     3 |       ||     3
 Cast: Flame Tongue      |    31 |     4 ||    35
       Throw Flame       |    15 |     8 ||    23
  Use: Scroll            |     4 |     3 ||     7
 Stab: Sleeping          |     1 |       ||     1
  Eat: Chunk             |     4 |     1 ||     5
Armor: Robe              |    46 |    19 ||    65
Dodge: Dodged            |    68 |    33 ||   101
